 Dungeon Crawl Stone Soup version 0.32-a0-17-gb74e046682 (webtiles) character file.

Game seed: 18081122398355848973

313 hikkokomori the Covert (level 6, -5/51 HPs)
             Began as a Gnoll Wanderer on Jan 15, 2024.
             Killed from afar by Eustachio (7 damage)
             ... with a puff of flame
             ... on level 5 of the Dungeon.
             The game lasted 00:07:29 (3015 turns).

hikkokomori the Covert (Gnoll Wanderer)             Turns: 3015, Time: 00:07:29

Health: -5/51      AC:  7    Str: 12      XL:     6   Next: 43%
Magic:  11/11      EV: 11    Int: 10      God:
Gold:   167        SH:  0    Dex: 12 (14) Spells: 11/12 levels left

rFire   . . .        a - +3 dagger
rCold   . . .        (no shield)
rNeg    . . .        g - +3 leather armour
rPois   .            (no helmet)
rElec   .            (no cloak)
rCorr   .            p - +0 pair of gloves
SInv    .            (no boots)
Will    .....        (no amulet)
Stlth   ++++         (no ring)
HPRegen 0.28/turn    (no ring)
MPRegen 0.12/turn

%: no passive effects
@: mighty
A: fangs 1, strong nose, distributed training
a: no special abilities


You were on level 5 of the Dungeon.
You visited 1 branch of the dungeon, and saw 5 of its levels.

You collected 167 gold pieces.

Inventory:

Hand Weapons
 a - a +3 dagger (weapon)
 l - a +1 heavy quarterstaff
Missiles
 k - 4 javelins
Armour
 g - a +3 leather armour (worn)
 p - a +0 pair of gloves (worn)
Scrolls
 d - a scroll of amnesia {unknown}
 e - a scroll of poison {unknown}
 f - a scroll of noise
 h - a scroll of enchant weapon {unknown}
 m - a scroll of acquirement
Potions
 b - a potion of haste
 c - 2 potions of brilliance
 i - a potion of resistance {unknown}
 o - a potion of lignification {unknown}


   Skills:
 + Level 5.0 Fighting
 + Level 2.0 Short Blades
 + Level 2.0 Long Blades
 + Level 2.0 Axes
 + Level 2.0 Maces & Flails
 + Level 2.0 Polearms
 + Level 2.0 Staves
 + Level 2.0 Ranged Weapons
 + Level 2.0 Throwing
 + Level 3.3 Armour
 + Level 2.0 Dodging
 + Level 9.8 Stealth
 + Level 2.0 Shields
 + Level 2.0 Unarmed Combat
 + Level 3.5 Spellcasting
 + Level 1.6 Conjurations
 + Level 1.6 Hexes
 + Level 1.6 Summonings
 + Level 2.7 Necromancy
 + Level 1.6 Translocations
 + Level 1.6 Fire Magic
 + Level 1.6 Ice Magic
 + Level 1.6 Air Magic
 + Level 1.6 Earth Magic
 + Level 1.6 Alchemy
 + Level 2.2 Invocations
 + Level 2.0 Evocations
 + Level 1.8 Shapeshifting


You had 11 spell levels left.
You knew the following spells:

 Your Spells              Type           Power      Damage    Failure   Level
a - Necrotise             Necr           28%        1d5       11%         1

Your spell library contained the following spells:

 Spells                   Type           Power      Damage    Failure   Level
 Vampiric Draining        Necr           7%         2d6       32%         3


Dungeon Overview and Level Annotations

Branches:
Dungeon (5/15)
 Temple: D:4-7

Altars:
Nemelex Xobeh

Shops:
D:3 [

Annotations:
D:4 2 transporters, Grinder; Robin; pigah's ghost, novice VSNe
D:5 Eustachio


Innate Abilities, Weirdness & Mutations

You have very sharp teeth.
Your uncanny sense of smell can sniff out nearby items.
Your experience applies equally to all skills.


Message History

Eustachio is heavily wounded.
The quasit bites you but does no damage.
The quasit claws you but does no damage.
The quasit misses you. The shadow imp barely misses you.
Eustachio hits you but does no damage.
Unknown command.
You hit Eustachio.
Eustachio is severely wounded.
The quasit closely misses you. The quasit misses you.
The quasit claws you but does no damage.
The shadow imp shouts, "Kneel, thou infectious hell-hated surfacer!"
The shadow imp gestures at you. Pain shoots through your body!
* * * LOW HITPOINT WARNING * * *
Eustachio casts a spell.
Unknown command.
Okay, then.
You barely miss Eustachio.
Eustachio is severely wounded.
The quasit closely misses you.
The quasit claws you but does no damage.
The quasit claws you.
* * * LOW HITPOINT WARNING * * *
You feel clumsy.
The ufetubus hits you but does no damage.
The ufetubus barely misses you. The shadow imp barely misses you.
Eustachio barely misses you. The quasit barely misses you.
The quasit claws you but does no damage. x2
You puncture Eustachio!
Eustachio is almost dead.
The ufetubus hits you.
* * * LOW HITPOINT WARNING * * *
The ufetubus closely misses you.
The quasit bites you but does no damage.
The quasit claws you but does no damage.
The quasit misses you.
The shadow imp hits you but does no damage.
Eustachio zaps a wand.
The puff of flame hits you!
You die...
Eustachio twirls his moustache.

.. .....####.....# ..
@.............# ..
......##......# #.
#............# #.
.......####.....# #.
................#
#.###.....######....#
#..5###..............
###@@:...########....
##55...............
#.r...........####.
.......#........#......
.......#........#######
#.....###....?...#
#...## #........# ....
########## #..


You could see Eustachio, a quasit (summoned), a river rat (summoned), a shadow
imp (summoned) and an ufetubus (summoned).

Vanquished Creatures
  A scorpion (D:4)
  2 orc priests
  2 orc wizards (D:5)
  Natasha (thrice) (D:3 D:4)
  An adder (D:2)
  A dart slug (D:2)
  6 orcs
  3 ball pythons
  2 endoplasms (D:3)
  3 giant cockroaches
  7 goblins
  7 hobgoblins
  2 jackals (D:4)
  A quokka (D:3)
  4 bats
  3 frilled lizards
  7 kobolds
  6 rats
61 creatures vanquished.

Notes
Turn   | Place    | Note
-------+----------+-------------------------------------------
     0 | D:1      | Reached skill level 9 in Stealth
     0 | D:1      | hikkokomori the Gnoll Wanderer began the quest for the Orb.
     0 | D:1      | hikkokomori set off with the following items: a +3 dagger,
                  | a potion of haste, a potion of brilliance, a +0 leather
                  | armour; and the following spell memorised: Necrotise; and
                  | the following spells available to memorise: Vampiric
                  | Draining.
     0 | D:1      | Reached XP level 1. HP: 20/20 MP: 4/4
   410 | D:1      | Found a faded altar of an unknown god.
   426 | D:1      | Reached XP level 2. HP: 26/26 MP: 5/5
   915 | D:2      | Reached XP level 3. HP: 25/31 MP: 7/7
  1103 | D:2      | Reached skill level 1 in Invocations
  1397 | D:3      | Noticed Natasha
  1411 | D:3      | Killed Natasha
  1412 | D:3      | Reached skill level 1 in Short Blades
  1412 | D:3      | Reached skill level 1 in Long Blades
  1412 | D:3      | Reached skill level 1 in Axes
  1412 | D:3      | Reached skill level 1 in Maces & Flails
  1412 | D:3      | Reached skill level 1 in Polearms
  1412 | D:3      | Reached skill level 1 in Staves
  1412 | D:3      | Reached skill level 1 in Ranged Weapons
  1412 | D:3      | Reached skill level 1 in Throwing
  1412 | D:3      | Reached skill level 1 in Dodging
  1412 | D:3      | Reached skill level 1 in Shields
  1412 | D:3      | Reached skill level 1 in Unarmed Combat
  1412 | D:3      | Reached skill level 1 in Evocations
  1412 | D:3      | Reached skill level 1 in Shapeshifting
  1412 | D:3      | Reached XP level 4. HP: 25/38 MP: 8/8
  1586 | D:3      | Found a sparkling altar of Nemelex Xobeh.
  1859 | D:3      | Noticed Natasha
  1871 | D:3      | Reached skill level 1 in Conjurations
  1871 | D:3      | Reached skill level 1 in Hexes
  1871 | D:3      | Reached skill level 1 in Summonings
  1871 | D:3      | Reached skill level 1 in Translocations
  1871 | D:3      | Reached skill level 1 in Fire Magic
  1871 | D:3      | Reached skill level 1 in Ice Magic
  1871 | D:3      | Reached skill level 1 in Air Magic
  1871 | D:3      | Reached skill level 1 in Earth Magic
  1871 | D:3      | Reached skill level 1 in Alchemy
  1889 | D:4      | Killed Natasha
  1962 | D:4      | Reached XP level 5. HP: 12/43 MP: 9/9
  2078 | D:4      | Identified a scroll of acquirement
  2258 | D:3      | Found Syplaidgh's Armour Shop.
  2387 | D:4      | Found a transporter.
  2392 | D:4      | Noticed pigah's ghost (novice VSNe)
  2453 | D:4      | Found a transporter.
  2473 | D:4      | Noticed Natasha
  2493 | D:4      | HP: 1/43 [Natasha (3)]
  2494 | D:4      | Killed Natasha
  2748 | D:4      | Noticed Robin
  2748 | D:4      | Identified the +7 dagger of Blood {freeze, *Noise rF++
                  | Will+++ Str-4}
  2748 | D:4      | Noticed a black bear
  2775 | D:4      | Reached skill level 5 in Fighting
  2775 | D:4      | Reached XP level 6. HP: 16/51 MP: 9/11
  2870 | D:4      | Noticed Grinder
  2916 | D:5      | Entered Level 5 of the Dungeon
  2935 | D:5      | Noticed Eustachio
  3015 | D:5      | HP: 2/51 [ufetubus[Eustachio] (1)]
  3015 | D:5      | Killed from afar by Eustachio

Illustrated notes

Levels and vault maps discovered:
D:1:      dpeg_arrival_central, layout_basic, basic_ecumenical_altar,
          nicolae_concentric_dashed_squares_mild
D:2:      layout_loops_ring
D:3:      layout_loops_ring, nemelex_xobeh_ov_fountains_minmay, serial_shops,
          shop, uniq_natasha
D:4:      layout_basic, gammafunk_ghost_stat_death,
          ebering_dispersal_statue_hall, uniq_menkaure, uniq_robin, uniq_grinder
D:5:      layout_rooms, mainiacjoe_overflow_alcove_1, kennysheep_mini_moat,
          minmay_misc_feat_nine_boxes, minmay_misc_feat_more_columns,
          minmay_quadrilaterals, uniq_eustachio

Skill      XL: |  1  2  3  4  5  6 |
---------------+-------------------+-----
Stealth        | |  9.8
Necromancy     | 2 |  2.7
Invocations    | 1 2 |  2.2
Short Blades   | 1 2 |  2.0
Long Blades    | 1 2 |  2.0
Axes           | 1 2 |  2.0
Maces & Flails | 1 2 |  2.0
Polearms       | 1 2 |  2.0
Staves         | 1 2 |  2.0
Ranged Weapons | 1 2 |  2.0
Throwing       | 1 2 |  2.0
Dodging        | 1 2 |  2.0
Shields        | 1 2 |  2.0
Unarmed Combat | 1 2 |  2.0
Spellcasting   | 3 |  3.5
Evocations     | 1 2 |  2.0
Shapeshifting  | 1 |  1.8
Conjurations   | 1 |  1.6
Hexes          | 1 |  1.6
Summonings     | 1 |  1.6
Translocations | 1 |  1.6
Fire Magic     | 1 |  1.6
Ice Magic      | 1 |  1.6
Air Magic      | 1 |  1.6
Earth Magic    | 1 |  1.6
Alchemy        | 1 |  1.6
Armour         | 3 |  3.3
Fighting       | 5 |  5.0

Action                     |  1- 3 |  4- 6 || total
---------------------------+-------+-------++-------
  Melee: Dagger            |    64 |   161 ||   225
         Bite              |     5 |    16 ||    21
         Punch             |     1 |     3 ||     4
    Use: Scroll            |       |     8 ||     8
         Potion            |       |     3 ||     3
   Stab: Sleeping          |    15 |     8 ||    23
 Armour: Leather armour    |    31 |   143 ||   174
  Dodge: Dodged            |    27 |    94 ||   121

Table legend: (Time is in decaauts)
 A = Elapsed time spent in this place.
 B = Non-inter-level travel time spent in this place.
 C = Inter-level travel time spent in this place.
 D = Time resting spent in this place.
 E = Time spent auto-exploring this place.
 F = Levels seen in this place.
 G = Mean time per level.
                   A        B        C        D        E       F      G
               +--------+--------+--------+--------+--------+-----+--------+
         Total |   3019 |   2930 |     89 |    484 |   1759 |   5 |  603.8 |
       Dungeon |   3019 |   2930 |     89 |    484 |   1759 |   5 |  603.8 |
               +--------+--------+--------+--------+--------+-----+--------+

Top non-repeatable levels by time:
     D:3: 790 daAuts
     D:4: 745 daAuts
     D:2: 708 daAuts
     D:1: 681 daAuts
     D:5: 94 daAuts
